 Dungeon Crawl Stone Soup version 0.20.0-7-g3b7b877 (webtiles) character file.

121 Gorglomux the Shooter (level 4, -1/38 HPs)
             Began as a Centaur Arcane Marksman on May 29, 2017.
             Slain by an orc
             ... wielding a +0 hand axe
              (3 damage)
             ... on level 4 of the Dungeon.
             The game lasted 00:02:54 (2980 turns).

Gorglomux the Shooter (Centaur Arcane Marksman)     Turns: 2980, Time: 00:02:54

Health: -1/38      AC:  5    Str: 12    XL:     4   Next: 76%
Magic:  5/5        EV: 10    Int: 12    God:
Gold:   159        SH:  0    Dex: 11    Spells: 4/5 levels left

rFire    . . .     SeeInvis .   a - +0 shortbow
rCold    . . .     Gourm    .   (shield currently unavailable)
rNeg     . . .     Faith    .   e - +0 robe
rPois    .         Spirit   .   I - +0 helmet
rElec    .         Reflect  .   j - scarf {repulsion}
rCorr    .         Harm     .   (no gloves)
MR       .....                  (no barding)
Stlth    +.........             (no amulet)
Regen    0.2/turn               (no ring)
MPRegen  0.1/turn               (no ring)

@: repel missiles, very quick
A: hooves 3, deformed body, speed 2, tough skin 3
a: no special abilities


You were on level 4 of the Dungeon.
You were not hungry.

You visited 1 branch of the dungeon, and saw 4 of its levels.

You collected 159 gold pieces.

Inventory:

Hand Weapons
 a - a +0 shortbow (weapon)
 b - a +2 halberd of chopping
 h - a +0 club
Missiles
 d - 80 arrows (quivered)
Armour
 e - a +0 robe (worn)
 j - a scarf of repulsion (worn)
 I - a +0 helmet (worn)
 T - a +0 cloak
Jewellery
 K - an uncursed amulet of magic regeneration {unknown}
Scrolls
 g - a scroll of magic mapping {unknown}
 l - 2 scrolls of remove curse {unknown}
 m - 3 scrolls of identify {unknown}
 A - 2 scrolls of teleportation {unknown}
 G - 2 scrolls of fear {unknown}
 H - a scroll of noise {unknown}
 O - a scroll of immolation {unknown}
 P - a scroll of amnesia {unknown}
Potions
 k - a potion of might {unknown}
 E - 2 potions of curing {unknown}
 F - 3 potions of brilliance {unknown}
 L - a potion of heal wounds {unknown}
 M - 2 potions of magic {unknown}
 N - a potion of flight {unknown}
 Q - 2 potions of mutation {unknown}
 S - a potion of invisibility {unknown}
Books
 c - a book of Debilitation

   Spells                             Type                      Level
   a - Corona                         Hexes                        1
   b - Slow                           Hexes                        2
   c - Inner Flame                    Hexes/Fire                   3
   d - Portal Projectile              Hexes/Translocation          3
   e - Cause Fear                     Hexes                        4
   f - Leda's Liquefaction            Hexes/Earth                  4
Comestibles
 f - 3 bread rations
 z - 3 meat rations
 D - a royal jelly
 J - a fruit
 U - 2 chunks of flesh


   Skills:
 + Level 3.2 Fighting
 + Level 5.2 Bows
 - Level 1.3 Dodging
 - Level 1.0 Spellcasting
 - Level 2.6 Hexes


You had 4 spell levels left.
You knew the following spells:

 Your Spells              Type           Power        Failure   Level  Hunger
a - Corona                Hex            #......      10%         1    ##.....


Dungeon Overview and Level Annotations

Branches:
Dungeon (4/15)
 Temple: D:4-7

Altars:
Gozag


Innate Abilities, Weirdness & Mutations

You have hooves in place of feet.
Armour fits poorly on your strangely shaped body.
You cover ground very quickly.
You have extremely tough skin. (AC +3)


Message History

The arrow closely misses the orc priest.
The orc priest looks braver for a moment.
The orc barely misses you. The orc hits you with a short sword.
* * * LOW HITPOINT WARNING * * *
Firing (i - inventory):
d - 82 arrows (quivered)
Press: ? - help, Shift-Dir - straight line, f/p - orc priest
Aim: an orc priest, wielding a war axe (almost dead)
You shoot an arrow.
The arrow closely misses the orc priest.
The orc priest hits you with a war axe.
* * * LOW HITPOINT WARNING * * *
The orc hits you but does no damage. The orc barely misses you.
Firing (i - inventory):
d - 81 arrows (quivered)
Press: ? - help, Shift-Dir - straight line, f/p - orc priest
Aim: an orc priest, wielding a war axe (almost dead)
You shoot an arrow. The arrow barely misses the orc priest.
The orc priest hits you with a war axe.
* * * LOW HITPOINT WARNING * * *
The orc hits you with a hand axe.
You die...

###.#...#.. #..#
#†#.#.#+# #..###
#.#.#.#.# #o...#
#<#...#.# #o##.#
#.#...#.# #.# .#
#.#...#.# #o# #
..#..>#.# #.#
###.....########.#
............@o.)((..#
............oo....###
#################.#
#.# #.# ... #.# ..#
#(#


You could see an orc priest and 2 orcs.

Vanquished Creatures
  A gnoll (D:1)
  3 adders
  An ooze (D:1)
  An adder skeleton (D:3)
  2 worms (D:2)
  3 dart slugs
  A leopard gecko (D:2)
  5 orcs
  4 giant cockroaches
  9 hobgoblins
  A ball python (D:2)
  8 bats
  6 frilled lizards
  6 goblins
  4 kobolds
  5 rats
60 creatures vanquished.

Notes
Turn   | Place    | Note
-------+----------+-------------------------------------------
     0 | D:1      | Gorglomux the Centaur Arcane Marksman began the quest for the Orb.
     0 | D:1      | Reached XP level 1. HP: 16/16 MP: 2/2
   283 | D:1      | Reached skill level 3 in Bows
   368 | D:1      | Reached XP level 2. HP: 19/23 MP: 3/3
  1173 | D:1      | Reached XP level 3. HP: 17/30 MP: 4/4
  1427 | D:2      | Reached skill level 4 in Bows
  1701 | D:2      | Reached XP level 4. HP: 31/37 MP: 5/5
  2017 | D:3      | Reached skill level 3 in Fighting
  2223 | D:3      | Found an opulent altar of Gozag.
  2907 | D:4      | Reached skill level 5 in Bows
  2980 | D:4      | Slain by an orc

Skill      XL: |  1  2  3  4 |
---------------+-------------+-----
Bows           | 3 4 5 |  5.2
Fighting       | 2 3 |  3.2
Dodging        | |  1.3
Spellcasting   | |  1.0
Hexes          | |  2.6

Action                   |  1- 3 |  4- 6 || total
-------------------------+-------+-------++-------
Melee: Unarmed           |    16 |       ||    16
       Club              |    49 |       ||    49
       Kick              |     8 |    13 ||    21
       Halberd           |    42 |    87 ||   129
 Fire: Shortbow          |     8 |    24 ||    32
  Eat: Chunk             |     2 |     3 ||     5
Armor: Robe              |    36 |    25 ||    61
Dodge: Dodged            |    44 |    66 ||   110
       Deflected         |     2 |     6 ||     8
